 Dungeon Crawl Stone Soup version 0.29.1-2-gbd0b4ee654 (webtiles) character file.

Game seed: 7453835282402636070

245 Arcadio the Magician (level 5, -3/28 HPs)
             Began as a Deep Elf Venom Mage on Nov 18, 2022.
             Killed by nerve-wracking pain
             ... invoked by an orc priest
              (12 damage)
             ... on level 5 of the Dungeon.
             The game lasted 00:39:56 (4432 turns).

Arcadio the Magician (Deep Elf Venom Mage)          Turns: 4432, Time: 00:39:57

Health: -3/28      AC:  6    Str:  5    XL:     5   Next: 83%
Magic:  5/14       EV: 14    Int: 22    God:
Gold:   157        SH:  0    Dex: 15    Spells: 4/14 levels left

rFire   . . .      SeeInvis .   q - +2 dagger (speed)
rCold   + . .      Faith    .   (no shield)
rNeg    . . .      Spirit   .   a - +1 robe
rPois   .          Reflect  .   t - +2 helmet
rElec   .          Harm     .   (no cloak)
rCorr   .          Rampage  .   (no gloves)
Will    .....                   (no boots)
Stlth   ++........              (no amulet)
HPRegen 0.09/turn               g - ring of protection from cold
MPRegen 0.14/turn               (no ring)

@: about to teleport
A: no striking features
a: no special abilities


You were on level 5 of the Dungeon.
You visited 1 branch of the dungeon, and saw 5 of its levels.

You collected 157 gold pieces.

Inventory:

Hand Weapons
 e - a +0 dagger
 f - a +1 dagger of freezing
 q - a +2 dagger of speed (weapon)
Missiles
 j - 2 throwing nets
Armour
 a - a +1 robe (worn)
 c - a +0 leather armour
 t - a +2 helmet (worn)
Magical Staves
 v - a staff of conjuration
Jewellery
 g - a ring of protection from cold (left hand)
Wands
 u - a wand of digging (4)
Scrolls
 d - a scroll of enchant armour
 m - a scroll of noise {unknown}
 n - a scroll of fear {unknown}
 p - 2 scrolls of silence
 r - a scroll of enchant weapon {unknown}
Potions
 b - a potion of magic
 i - a potion of flight
 k - a potion of resistance
 l - a potion of brilliance {unknown}
 o - a potion of attraction {unknown}
 s - a potion of haste {unknown}


   Skills:
 + Level 4.7 Dodging
 - Level 2.4 Stealth
 + Level 5.3 Spellcasting
 - Level 1.1 Transmutations
 + Level 5.0 Poison Magic


You had 4 spell levels left.
You knew the following spells:

 Your Spells              Type           Power      Damage    Failure   Level
a - Sting                 Tmut/Pois      76%        1d6       2%          1
b - Poisonous Vapours     Pois/Air       32%        N/A       5%          2
c - Mephitic Cloud        Conj/Pois/Air  13%        N/A       14%         3
d - Olgreb's Toxic Radia  Pois           27%        N/A       12%         4

Your spell library contained the following spells:

 Spells                   Type           Power      Damage    Failure   Level
 Animate Dead             Necr           5%         N/A       67%         4
 Borgnjor's Vile Clutch   Necr/Erth      2%         N/A       95%         5
 Death Channel            Necr           2%         N/A       100%        6


Dungeon Overview and Level Annotations

Branches:
Dungeon (5/15) Zot: 25556
 Temple: D:4-7

Altars:
Fedhas

Annotations:
D:4 3 runed translucent doors, caveywoolpert's ghost, novice GrEE


Message History

Casting: Sting (safe; 2% risk of failure)
Confirm with . or Enter, or press ? or * to list all spells.
Aiming: Sting (safe; 2% risk of failure)
Press: ? - help, Shift-Dir - straight line, f/p - orc
Aim: an orc, wielding a +0 club (heavily wounded, very poisoned, 74% to hit)
The sting hits the orc.
The orc looks even sicker.
You kill the orc!
Your Poison Magic skill increases to level 5!
Casting: Sting (safe; 2% risk of failure)
Confirm with . or Enter, or press ? or * to list all spells.
Aiming: Sting (safe; 2% risk of failure)
Press: ? - help, Shift-Dir - straight line, f - orc priest
Aim: an orc priest, wielding a +0 hand axe and wearing a +0 leather armour (74% to hit)
The sting hits the orc priest.
The orc priest is poisoned.
The orc priest is lightly wounded.
An orc priest comes into view. It is wielding a +0 club.
The orc priest shouts!
You hit the orc priest.
The orc priest is moderately wounded.
You closely miss the orc priest.
The orc priest is moderately wounded.
The orc priest invokes the aid of Beogh against you.
Pain shoots through your body!
Casting: Sting (safe; 2% risk of failure)
Confirm with . or Enter, or press ? or * to list all spells.
Aiming: Sting (safe; 2% risk of failure)
Press: ? - help, Shift-Dir - straight line, f/p - orc priest
Aim: an orc priest, wielding a +0 hand axe and wearing a +0 leather armour (moderately wounded, poisoned, 74% to hit)
The sting hits the orc priest.
The orc priest looks even sicker.
The orc priest is heavily wounded.
The orc priest invokes the aid of Beogh against you.
Beogh smites you!
Okay, then.
Okay, then.
As you read the scroll of teleportation, it crumbles to dust.
You feel strangely unstable.
The orc priest hits you with a +0 hand axe.
The orc priest invokes the aid of Beogh against you.
Pain shoots through your body!
You die...

# #.# ##. # 8.#
#... #.#.# . .
....# .#.# .#
.......# ⌠.## .⌠
......[.##o#o#.#.#
.... #†.#.....#
#..####...#.#
#......@##.#
......#.......#
..... +.....###
.5.. #.....# ...
#.....# .. #.....#
# ##...#####
#...##..##.#
#..........#


You could see an orc priest.

Vanquished Creatures
  A scorpion (D:5)
  Ijyb (D:5)
  5 gnolls
  2 adders
  A shadow imp (D:4)
  2 worms
  6 orcs
  3 bats (D:1)
  2 endoplasms
  9 giant cockroaches
  8 goblins
  6 hobgoblins
  6 jackals
  6 kobolds
  4 quokkas
  4 ball pythons
  3 frilled lizards
  2 rats
71 creatures vanquished.

Vanquished Creatures (others)
  3 plants (D:3)
3 creatures vanquished.

Grand Total: 74 creatures vanquished

Notes
Turn   | Place    | Note
-------+----------+-------------------------------------------
     0 | D:1      | Arcadio the Deep Elf Venom Mage began the quest for the
                  | Orb.
     0 | D:1      | Reached XP level 1. HP: 10/10 MP: 6/6
   157 | D:1      | Reached XP level 2. HP: 15/15 MP: 6/8
   539 | D:1      | Learned a level 2 spell: Poisonous Vapours
   689 | D:1      | Found a faded altar of an unknown god.
  1210 | D:2      | Reached XP level 3. HP: 19/19 MP: 8/10
  1330 | D:2      | Learned a level 3 spell: Mephitic Cloud
  1389 | D:2      | Found a blossoming altar of Fedhas.
  1542 | D:2      | Reached XP level 4. HP: 24/24 MP: 9/12
  3184 | D:4      | Noticed a scorpion
  3242 | D:4      | Learned a level 4 spell: Olgreb's Toxic Radiance
  3259 | D:4      | Noticed a centaur
  3529 | D:4      | Noticed a sky beast
  3716 | D:4      | Reached XP level 5. HP: 16/28 MP: 7/14
  3933 | D:4      | Found a runed translucent gate.
  3933 | D:4      | Found a runed translucent gate.
  3933 | D:4      | Found a runed translucent gate.
  3934 | D:4      | Identified the +4 chain mail "Beupn" {Fly Int+2}
  3934 | D:4      | Noticed an orc warrior
  3935 | D:4      | Noticed caveywoolpert's ghost (novice GrEE)
  4193 | D:5      | Entered Level 5 of the Dungeon
  4193 | D:5      | Noticed Ijyb
  4204 | D:5      | Killed Ijyb
  4420 | D:5      | Reached skill level 5 in Spellcasting
  4426 | D:5      | Reached skill level 5 in Poison Magic
  4432 | D:5      | Killed from afar by an orc priest

Illustrated notes

Levels and vault maps discovered:
D:1:      nicolae_arrival_washed_ashore, layout_basic,
          ebering_ecumenical_altar_mist, minmay_worlds_worst_comb
D:2:      layout_basic, basic_altar, kennysheep_generic_room_2
D:3:      layout_basic, serial_bayou_lagoon_b
D:4:      layout_loops_ring, biasface_ghost_orc_armoury,
          minmay_misc_feat_more_columns, grunt_ministairs_1, minmay_ruptured
D:5:      layout_gridville, amcnicky_altar_gilded,
          mainiacjoe_overflow_tiny_flanked, minmay_temple_entry_junction,
          grunt_decor_mini_mirrors, kennysheep_generic_room_7, uniq_ijyb

Skill      XL: |  1  2  3  4  5 |
---------------+----------------+-----
Dodging        | 3 4 |  4.7
Spellcasting   | 4 5 |  5.3
Poison Magic   | 4 5 |  5.0
Stealth        | |  2.4
Transmutations | |  1.1

Action                   |  1- 3 |  4- 6 || total
-------------------------+-------+-------++-------
Melee: Dagger            |     6 |    22 ||    28
 Cast: Sting             |    56 |    76 ||   132
       Poisonous Vapours |       |     6 ||     6
  Use: Scroll            |     1 |     7 ||     8
       Potion            |       |     1 ||     1
 Stab: Sleeping          |     1 |     4 ||     5
Armor: Robe              |     3 |     8 ||    11
Dodge: Dodged            |    17 |    28 ||    45
